cohdb
Replays
Latest Replays
All Replays
Popular Replays
Top Player Replays
Match Explorer
How It Works
Community
CoH3 Stats
Reddit
Sign in to upload your games and track your stats! →
Sign in with Steam
Match 42719739
Unlisted
Match 42719739
Overview
Messages
Build Orders
End
Pioneer Squad
Construct Infanterie Kompanie
Selects Terror Battlegroup
Selects Machine Gun Camouflage
MG 42 Machine Gun Team
Grenadier Squad
Grenadier Squad
Grenadier Squad
Infanterie Officer Quarters
Construct Panzergrenadier Kompanie
251 Medium Carrier
Panzergrenadier Squad
Selects Interrogate
Pak 40 Anti-tank Gun Team
Panzergrenadier Squad
Selects Jericho Trumpet
Support Elements
Jericho Trumpet
Construct Panzer Kompanie
Jericho Trumpet
Nebelwerfer 42 Rocket Launcher Team
Panzer IV Medium Tank
Selects Defend the Fatherland
Jericho Trumpet
Nebelwerfer 42 Rocket Launcher Team
Jericho Trumpet
Sturmpanzer IV Brummbär
Pak 40 Anti-tank Gun Team
Selects King Tiger Heavy Tank
Sturmpanzer IV Brummbär
Nebelwerfer 42 Rocket Launcher Team
Jericho Trumpet
Das Raumschweinkontinuum
EVILUTION
DeadPhoenix
Zleg
0
0
Comments
sign in to comment!
No comments posted yet!